Map: [ESL] Inside and Out

Players

Clem - Winner!

  • Race: Terran Terran
  • Spawn Location: 7:00

Botvinnik

  • Race: Terran Terran
  • Spawn Location: 1:00

Event: DreamHack SC2 Masters 2022 Valencia

VOD

Have the link to the VOD?

Description

Time

  • Played on: July 1, 2022, 12:53 p.m.
  • Length: 13:29

All games in this series

Show
View Real Time Build Order
Export as new Build Order

Clem Terran - Winner!

Build Orders:  

Get SALT Encoding   

  12  0:00  SCV  
  13  0:12  SCV  
  14  0:16  Supply Depot  
  14  0:24  SCV  
  15  0:38  SCV  
  15  0:40  Barracks  
  16  0:43  Refinery  
  16  0:50  SCV  
  16  0:52  Refinery  
  17  1:02  SCV  
  18  1:14  SCV  
  19  1:26  Orbital Command  
  19  1:27  Reaper  
  19  1:31  Supply Depot  
  20  1:42  Factory  
  20  1:52  SCV  
  21  1:59  Reaper  
  22  2:04  SCV  
  23  2:17  Command Center  
  23  2:21  SCV  
  24  2:26  Hellion  
  26  2:31  Reaper  
  26  2:35  SCV  
  28  2:38  Supply Depot  
  28  2:47  SCV, Widow Mine  
  31  2:52  Starport  
  31  2:59  SCV  
  31  3:04  Barracks Reactor  
  32  3:11  Factory Tech Lab, SCV  
  33  3:20  Refinery  
  33  3:23  SCV  
  34  3:31  Starport Tech Lab, Cyclone  
  34  3:33  Orbital Command  
  37  3:36  SCV  
  37  3:41  Marine x2  
  38  3:45  Supply Depot  
  38  3:48  SCV  
  41  3:56  Raven  
  41  3:59  SCV  
  41  4:00  SCV  
  41  4:02  Marine  
  46  4:03  Marine  
  46  4:09  Cyclone  
  50  4:11  SCV  
  50  4:12  SCV  
  50  4:17  Supply Depot  
  52  4:21  Marine x2  
  52  4:23  SCV  
  55  4:24  SCV  
  55  4:28  Supply Depot  
  58  4:38  SCV x2  
  58  4:39  Raven  
  60  4:49  Command Center  
  60  4:50  SCV, Siege Tank  
  60  4:51  SCV  
  65  4:57  Supply Depot  
  65  5:02  SCV, Marine  
  65  5:03  SCV  
  65  5:04  Marine  
  65  5:06  Supply Depot  
  69  5:10  Refinery  
  69  5:14  SCV  
  69  5:18  SCV  
  69  5:24  Siege Tank  
  69  5:27  SCV  
  73  5:30  SCV  
  73  5:32  Viking  
  73  5:33  Stimpack  
  76  5:36  Viking  
  76  5:37  Marine  
  76  5:39  SCV  
  76  5:42  SCV  
  81  5:49  Barracks  
  81  5:51  Barracks, SCV  
  81  5:54  SCV  
  83  6:00  Siege Tank  
  83  6:02  Viking  
  88  6:05  SCV  
  88  6:06  Viking, SCV  
  92  6:11  Engineering Bay  
  92  6:12  Engineering Bay  
  92  6:17  SCV  
  92  6:18  SCV, Supply Depot  
  94  6:24  Supply Depot  
  94  6:28  Orbital Command  
  94  6:29  SCV  
  94  6:30  SCV  
  94  6:32  Viking  
  98  6:36  Viking  
  100  6:40  Siege Tank, Barracks Reactor x2  
  100  6:41  SCV  
  100  6:42  SCV  
  100  6:45  Supply Depot  
  105  6:52  Terran Infantry Weapons Level 1  
  105  6:53  SCV  
  106  6:54  SCV x2  
  106  6:56  Refinery, Marine  
  106  6:57  Refinery  
  106  6:58  Terran Infantry Armor Level 1  
  109  7:05  SCV, Supply Depot  
  109  7:06  SCV x2  
  109  7:07  Viking  
  113  7:12  Viking  
  115  7:18  SCV x2, Marine  
  115  7:19  SCV  
  115  7:22  Marine  
  115  7:25  Siege Tank  
  115  7:26  Combat Shield  
  118  7:30  SCV x2, Supply Depot  
  118  7:31  SCV  
  118  7:35  Marine x2  
  123  7:38  Viking  
  123  7:41  Marine  
  128  7:48  Supply Depot  
  128  7:51  Marine x2, Sensor Tower  
  128  7:52  Command Center  
  128  7:53  Viking  
  128  7:56  Marine  
  128  7:57  Marine  
  132  7:59  Marine  
  132  8:00  Siege Tank  
  136  8:07  Armory  
  136  8:10  Barracks  
  136  8:13  Barracks  
  136  8:15  Supply Depot  
  136  8:17  Factory  
  136  8:21  Medivac  
  136  8:23  Supply Depot  
  136  8:24  Medivac  
  136  8:25  SCV  
  141  8:28  SCV x2  
  141  8:32  Marine x2  
  141  8:33  Marine  
  146  8:34  Marine, Supply Depot  
  146  8:35  Marine  
  148  8:45  Siege Tank, Missile Turret  
  148  8:48  Missile Turret  
  151  8:49  Supply Depot  
  151  8:50  Marine x2  
  151  8:53  Marine x2  
  155  8:56  Terran Infantry Armor Level 2  
  155  8:58  Terran Infantry Weapons Level 2  
  155  9:02  Terran Vehicle Weapons Level 1  
  155  9:06  SCV  
  155  9:07  SCV x2  
  155  9:09  Barracks Reactor  
  158  9:15  Barracks Reactor x2  
  158  9:17  Refinery  
  156  9:19  SCV  
  156  9:20  Refinery  
  156  9:21  Sensor Tower  
  156  9:22  Siege Tank  
  156  9:23  Marine x2  
  156  9:24  Marine  
  158  9:25  SCV x2  
  161  9:33  Planetary Fortress, Command Center  
  161  9:35  SCV  
  162  9:41  Siege Tank  
  162  9:42  Marine x3  
  162  9:43  Marine  
  162  9:44  SCV  
  169  9:45  Viking  
  169  9:47  Viking, Marine  
  169  9:48  Marine  
  175  9:53  Marine  
  175  9:54  Marine  
  175  9:55  Marine x2  
  179  10:00  Marine  
  179  10:01  Supply Depot, Starport  
  179  10:03  Starport  
  180  10:07  Siege Tank  
  183  10:15  Viking, Siege Tank  
  183  10:16  Viking  
  188  10:28  Command Center  
  188  10:30  Command Center  
  188  10:41  Siege Tank  
  193  10:45  Viking  
  193  10:48  Viking  
  197  10:53  Starport Tech Lab  
  197  10:54  Starport Tech Lab  
  195  11:02  Siege Tank  
  195  11:03  Marine  
  193  11:10  Refinery  
  193  11:11  Terran Vehicle Weapons Level 2  
  183  11:12  Refinery  
  183  11:13  Raven, Siege Tank, Corvid Reactor  
  183  11:14  Raven  
  187  11:24  Viking, Marine x3  
  187  11:25  Marine x7  
  187  11:26  Viking  
  187  11:27  SCV  
  180  11:34  Siege Tank  
  169  11:42  Marine x7  
  169  11:43  Orbital Command  
  169  11:44  Planetary Fortress  
  170  11:52  Siege Tank  
  170  11:53  Marine x3  
  174  11:56  Raven  
  174  11:58  Missile Turret  
  174  12:00  Refinery, Marine x3  
  174  12:01  Refinery  
  179  12:02  Marine x2  
  179  12:03  Marine  
  179  12:04  Marine  
  177  12:10  Marine x2  
  177  12:11  Marine  
  180  12:18  Marine x3  
  180  12:19  Armory, Marine  
  180  12:20  Marine  
  180  12:22  Siege Tank  
  188  12:26  Raven  
  190  12:32  Viking x2  
  190  12:34  Planetary Fortress  
  194  12:38  Marine x5  
  194  12:40  Marine  
  200  12:44  Sensor Tower  
Show
View Real Time Build Order
Export as new Build Order

Botvinnik Terran 

Build Orders:  

Get SALT Encoding   

  12  0:00  SCV  
  13  0:12  SCV  
  14  0:17  Supply Depot  
  14  0:24  SCV  
  15  0:38  SCV  
  15  0:39  Barracks  
  16  0:42  Refinery  
  16  0:50  SCV  
  16  0:52  Refinery  
  17  1:02  SCV  
  18  1:15  SCV  
  19  1:26  Reaper  
  19  1:27  Orbital Command  
  19  1:28  Supply Depot  
  20  1:42  Factory  
  20  1:52  SCV  
  21  1:58  Reaper  
  22  2:06  SCV  
  23  2:19  SCV  
  23  2:22  Command Center  
  24  2:26  Hellion  
  26  2:33  Barracks Reactor  
  26  2:35  Starport  
  26  2:39  SCV  
  27  2:48  Factory Tech Lab  
  27  2:49  Supply Depot  
  27  2:51  SCV  
  28  3:03  SCV  
  29  3:09  Marine x2  
  29  3:10  Siege Tank  
  34  3:14  Medivac  
  34  3:18  SCV  
  36  3:35  Marine x2  
  36  3:41  SCV  
  38  3:45  Orbital Command  
  38  3:47  Starport Tech Lab  
  38  3:48  Cyclone  
  41  3:53  SCV  
  42  3:55  Marine x2  
  42  4:00  Refinery, Supply Depot  
  44  4:10  SCV  
  44  4:11  SCV  
  44  4:13  Marine x2  
  45  4:24  Raven  
  47  4:34  Siege Tank  
  47  4:36  SCV x2  
  52  4:43  Supply Depot  
  52  4:49  SCV  
  52  4:50  Command Center  
  52  4:51  SCV  
  54  4:57  Marine x2  
  56  5:01  SCV  
  56  5:03  SCV  
  56  5:05  Supply Depot  
  56  5:06  Raven  
  58  5:13  SCV  
  61  5:15  SCV  
  61  5:17  Refinery  
  61  5:20  Siege Tank  
  63  5:22  Marine x2  
  63  5:25  SCV  
  63  5:27  SCV  
  67  5:37  SCV  
  67  5:39  SCV  
  69  5:48  Barracks  
  69  5:49  SCV  
  70  5:51  Barracks, SCV  
  70  5:52  Siege Tank  
  70  5:56  Stimpack  
  74  6:01  SCV  
  74  6:02  Orbital Command, Supply Depot  
  74  6:03  SCV  
  76  6:05  Viking  
  76  6:09  Viking  
  80  6:14  SCV  
  80  6:16  SCV  
  80  6:17  Marine  
  83  6:27  Orbital Command  
  83  6:29  Siege Tank  
  83  6:30  SCV  
  83  6:31  SCV  
  88  6:43  SCV x2  
  88  6:44  Viking x2  
  94  6:48  Barracks Reactor x2  
  94  6:50  Supply Depot  
  94  6:51  Engineering Bay x2  
  94  6:53  SCV  
  95  6:59  Marine  
  96  7:03  SCV  
  96  7:04  SCV  
  96  7:05  SCV  
  99  7:14  Barracks  
  99  7:15  Barracks  
  99  7:16  SCV x2, Supply Depot  
  94  7:25  Marine  
  94  7:26  Terran Infantry Armor Level 1, Marine x4, Terran Infantry Weapons Level 1  
  94  7:27  SCV  
  94  7:28  SCV x2  
  102  7:37  Sensor Tower  
  102  7:39  Viking x2  
  105  7:44  Marine  
  105  7:45  Marine x4  
  105  7:47  SCV x2  
  112  7:55  Siege Tank, Combat Shield  
  112  7:57  SCV  
  116  7:59  SCV  
  116  8:02  Barracks Reactor x2  
  117  8:09  Refinery  
  117  8:10  Refinery  
  117  8:11  Supply Depot x2  
  117  8:12  Armory  
  117  8:19  SCV x3, Marine x5  
  125  8:29  Supply Depot x2  
  125  8:32  SCV x3, Medivac x2  
  132  8:42  Command Center  
  132  8:44  Siege Tank  
  135  8:48  Supply Depot  
  135  8:53  Marine x7  
  135  8:54  Marine x2  
  144  8:57  SCV x3  
  147  9:11  Viking  
  147  9:12  Viking  
  151  9:17  Siege Tank  
  151  9:18  Supply Depot x2  
  151  9:21  Marine x3  
  156  9:25  Terran Infantry Armor Level 2, Terran Infantry Weapons Level 2  
  156  9:26  Terran Vehicle Weapons Level 1  
  162  9:34  Supply Depot  
  161  9:41  Viking x2, Factory  
  161  9:42  Barracks Reactor  
  158  9:55  Siege Tank  
  161  10:02  Refinery, Sensor Tower  
  161  10:04  Marine x4  
  161  10:05  Marine x4  
  169  10:09  Missile Turret  
  169  10:11  SCV x3  
  169  10:12  Missile Turret  
  172  10:14  Viking x2  
  176  10:25  Siege Tank  
  178  10:29  Siege Tank  
  178  10:35  Refinery, Planetary Fortress  
  181  10:39  Missile Turret  
  181  10:44  Viking x2  
  183  10:54  Marine x7  
  183  10:55  Marine x3  
  193  10:57  Siege Tank  
  192  11:05  SCV x2  
  192  11:11  SCV  
  185  11:14  Viking x2  
  185  11:17  SCV  
  185  11:18  SCV  
  158  11:26  Siege Tank, Marine x3  
  158  11:27  Marine  
  158  11:29  Siege Tank  
  149  11:33  Marine x2  
  137  11:40  Marine  
  137  11:44  Viking x2  
  139  11:49  Marine  
  139  11:50  Marine x4  
  139  11:51  Marine x4  
  139  11:58  Siege Tank, Marine  
  143  12:01  Siege Tank  
  143  12:07  Marine x3  
  143  12:08  Marine x3  
  150  12:10  Marine x2  
  150  12:14  Viking  
  155  12:16  Marine x2  
  156  12:25  Marine x2  
  156  12:26  Marine x3  
  156  12:27  Marine x3  
  164  12:30  Siege Tank  
  164  12:33  Siege Tank  
  164  12:34  Marine x2  
  169  12:37  Command Center  
  169  12:43  Marine x2  
  171  12:44  Marine x3  
  171  12:48  Marine x3  
  176  12:52  Marine  
  176  12:57  Marine  
  159  13:01  Marine x2  
  159  13:02  Marine x2  
  159  13:04  Marine  
  165  13:05  Marine  

Tags
 
Add a new tag
Caveats
  • Supply blocks, unpowered buildings, or Contaminate may cause inaccurate times.
  • Supply counts are checked every 10 seconds.